 Dungeon Crawl Stone Soup version 0.18-a0-1773-gec4f98e (webtiles) character file.

100 yoyo the Magician (level 4, -1/33 HPs)
             Began as a Draconian Wizard on Apr 16, 2016.
             Slain by an adder (3 damage)
             ... on level 3 of the Dungeon.
             The game lasted 00:06:38 (1817 turns).

yoyo the Magician (Draconian Wizard)                Turns: 1817, Time: 00:06:39

Health: -1/33      AC:  5    Str: 10    XL:     4   Next: 46%
Magic:  5/11       EV: 12    Int: 19    God:
Gold:   152        SH:  0    Dex:  9    Spells: 1 memorised, 12 levels left

rFire  . . .     SeeInvis .     n - +0 dagger
rCold  . . .     Gourm    .     (armour unavailable)
rNeg   . . .     Faith    .     (no shield)
rPois  .         Spirit   .     a - +0 hat
rElec  .         Dismiss  .     (no cloak)
rCorr  .         Reflect  .     (no gloves)
SustAt +         Harm     .     (no boots)
MR     .....     Rnd*Tele +     (no amulet)
Stlth  +.........               m - ring of teleportation (curse)
                                k - ring of sustain attributes

@: not resistant to hostile enchantments, very unstealthy
A: unfitting armour, cold-blooded, AC +5
a: no special abilities


You were on level 3 of the Dungeon.
You were not hungry.

You visited 1 branch of the dungeon, and saw 3 of its levels.

You collected 152 gold pieces.

Inventory:

Hand Weapons
 g - a +0 club
 n - a +0 dagger (weapon)
Armour
 a - a +0 hat (worn)
 o - a +0 cloak
 v - a +0 hat
Jewellery
 k - a ring of sustain attributes (left hand)
 m - a cursed ring of teleportation (right hand)
Scrolls
 f - 3 scrolls of identify {unknown}
 h - 3 scrolls of teleportation {unknown}
 l - a scroll of fear {unknown}
 p - a scroll of blinking {unknown}
 r - a scroll of recharging {unknown}
 s - a scroll of magic mapping {unknown}
 t - a scroll of enchant armour {unknown}
 w - a scroll of remove curse
Potions
 e - a potion of cure mutation {unknown}
 i - a potion of heal wounds {unknown}
 j - a potion of invisibility {unknown}
 q - a potion of curing {unknown}
Books
 b - a book of Minor Magic

   Spells                             Type                      Level
   a - Magic Dart                     Conjuration                  1
   b - Blink                          Translocation                2
   c - Call Imp                       Summoning                    2
   d - Repel Missiles                 Charms/Air                   2
   e - Slow                           Hexes                        2
   f - Conjure Flame                  Conjuration/Fire             3
   g - Mephitic Cloud                 Conjuration/Poison/Air       3
Comestibles
 c - 3 bread rations
 d - 4 meat rations
 u - 2 chunks of flesh


   Skills:
 - Level 1.7 Dodging
 - Level 1.7 Stealth
 * Level 5.0 Spellcasting
 - Level 1.0 Conjurations
   Level 1.0 Summonings
   Level 1.0 Translocations


You had 12 spell levels left.
You knew the following spells:

 Your Spells              Type           Power        Failure   Level  Hunger
a - Magic Dart            Conj           #...         10%         1    None


Dungeon Overview and Level Annotations

Branches:
Dungeon (3/15)

Altars:
Fedhas


Innate Abilities, Weirdness & Mutations

Your plain brown scales are hard (AC +5).
Your body does not fit into most forms of armour.
You are cold-blooded and may be slowed by cold attacks.


Message History

The giant gecko closely misses you. x2
The giant gecko bites you.
* * * LOW HITPOINT WARNING * * *
The adder bites you.
* * * LOW HITPOINT WARNING * * *
Found a scroll of remove curse.
The giant gecko bites you but does no damage.
The giant cockroach closely misses you.
You see here a scroll of remove curse.
w - a scroll of remove curse The giant gecko barely misses you.
The giant cockroach misses you. The giant gecko barely misses you.
A hound comes into view.
The giant cockroach closely misses you.
The hound barks!
The adder bites you.
* * * LOW HITPOINT WARNING * * *
The giant cockroach waves its antennae.
The adder bites you.
You die...

# #####...#### #.# .
#####...)......# #<# .#.
#...[.##.#####.# #(#
.#.###.#####..#####.######
#.#
...................r.....#
#.#
#...(.K...#########.##..##
#.# .....)#####
######....# #.#
#.........####.l#....###
#.# #.........##.K.s@.#.##
#.# ..#.......##..#S.##)#
#..........#...$###.#
#.......#...h### ...
#...................
#....#...>..#...##
#.............###
.......#..#..###
##..#.....#....


You could see a hound, an adder, a giant gecko, a giant cockroach and a kobold.

Vanquished Creatures
  4 adders
  2 dart slugs (D:2)
  A giant gecko (D:1)
  An orc (D:3)
  5 giant cockroaches
  10 goblins
  5 hobgoblins
  4 jackals
  10 kobolds
  A quokka (D:3)
  A ball python (D:3)
  5 bats
  A giant newt (D:1)
  5 rats
55 creatures vanquished.

Notes
Turn   | Place    | Note
--------------------------------------------------------------
     0 | D:1      | yoyo the Draconian Wizard began the quest for the Orb.
     0 | D:1      | Reached XP level 1. HP: 14/14 MP: 4/4
   343 | D:1      | Reached XP level 2. HP: 11/20 MP: 1/6
   838 | D:1      | Reached skill level 4 in Spellcasting
   950 | D:1      | Reached XP level 3. HP: 25/26 MP: 8/8
  1163 | D:2      | Found a blossoming altar of Fedhas.
  1361 | D:2      | Reached XP level 4. HP: 33/33 MP: 4/10
  1760 | D:3      | Reached skill level 5 in Spellcasting
  1817 | D:3      | Slain by an adder

Vault maps used:
D:1:      dpeg_arrival_concentric_ovals, grunt_decor_cap
D:2:      overflow_temple_1_default, first_bread, kennysheep_generic_room_10
D:3:      lemuel_zombie_altar_kikubaaqudgha, uniq_natasha

Skill      XL: |  1  2  3  4 |
---------------+-------------+-----
Spellcasting   | 4 5 |  5.0
Dodging        | |  1.7
Stealth        | |  1.7
Conjurations   | |  1.0
Summonings     | |  1.0
Translocations | |  1.0

Action                   |  1- 3 |  4- 6 || total
-------------------------+-------+-------++-------
Melee: Unarmed           |    20 |       ||    20
       Club              |    45 |       ||    45
       Tailslap          |     4 |     1 ||     5
       Short sword       |     4 |       ||     4
       Dagger            |    36 |    63 ||    99
 Cast: Magic Dart        |    67 |    42 ||   109
  Use: Scroll            |     1 |       ||     1
 Stab: Sleeping          |       |     1 ||     1
  Eat: Chunk             |     1 |     2 ||     3
Armor: Skin              |    42 |    23 ||    65
Dodge: Dodged            |   102 |    56 ||   158
